 Dungeon Crawl Stone Soup version 0.31-a0-1388-g4b2ba238e7 (webtiles) character file.

Game seed: 2747836102526899381

337 PyroL the Trooper (level 6, -3/82 HPs)
             Began as a Demonspawn Fighter on Dec 24, 2023.
             Succumbed to a gnoll's poison
             ... on level 3 of the Dungeon.
             The game lasted 00:04:17 (1651 turns).

PyroL the Trooper (Demonspawn Fighter)              Turns: 1651, Time: 00:04:17

Health: -3/82      AC: 23    Str: 18    XL:     6   Next: 28%
Magic:  6/6        EV:  2    Int:  9    God:
Gold:   231        SH:  4    Dex: 12    Spells: 5/5 levels left

rFire   . . .        g - +2 hand axe (venom)
rCold   . . .        c - +0 buckler
rNeg    . . .        b - melded +0 scale mail
rPois   +            (helmet currently unavailable)
rElec   .            n - melded +0 cloak
rCorr   .            (gloves currently unavailable)
SInv    .            (boots currently unavailable)
Will    .....        k - amulet of the acrobat
Stlth   +            (no ring)
HPRegen 0.33/turn    (no ring)
MPRegen 0.10/turn

%: acrobat
@: brilliant, lethally poisoned (-3 -> -22), tree-form
A: stationary, stasis, torment immunity, boosted hp, ignite blood 1, powered by
pain 2, (sanguine armour 1)
a: no special abilities


You were on level 3 of the Dungeon.
You were a tree.
You visited 1 branch of the dungeon, and saw 4 of its levels.

You collected 231 gold pieces.

Inventory:

Hand Weapons
 a - a +0 trident
 g - a +2 hand axe of venom (weapon)
Armour
 b - a +0 scale mail (melded)
 c - a +0 buckler (worn)
 n - a +0 cloak (melded)
Jewellery
 k - an amulet of the acrobat (around neck)
 p - an amulet of magic regeneration
Scrolls
 e - a scroll of amnesia {unknown}
 f - a scroll of enchant armour {unknown}
 h - 2 scrolls of teleportation {unknown}
 j - a scroll of enchant weapon {unknown}
 m - a scroll of identify {unknown}
 o - 2 scrolls of poison {unknown}
Potions
 d - a potion of might


   Skills:
 + Level 7.0 Fighting
 - Level 2.2 Polearms
 - Level 2.6 Armour
 - Level 2.6 Shields


You had 5 spell levels left.
You didn't know any spells.
Your spell library contained the following spells:

 Spells                   Type           Power      Damage    Failure   Level
 Summon Small Mammal      Summ           0%         N/A       45%         1
 Call Canine Familiar     Summ           0%         N/A       83%         3
 Stone Arrow              Conj/Erth      0%         3d7       83%         3
 Summon Guardian Golem    Hex/Summ       0%         N/A       83%         3
 Animate Armour           Summ/Erth      0%         N/A       99%         4
 Lehudib's Crystal Spear  Conj/Erth      0%         10d2      100%        8


Dungeon Overview and Level Annotations

Branches:
Dungeon (4/15)
 Temple: D:4-7

Altars:


Innate Abilities, Weirdness & Mutations

You are a tree.
Your roots penetrate the ground, keeping you stationary.
You cannot be teleported.
You are immune to unholy pain and torment.
Your maximum health is greatly increased.
Your equipment is partially melded.
Your demonic aura sometimes causes spilled blood to erupt in flames.
You sometimes gain power by taking damage.
((When seriously injured, your blood forms armour. (AC +0)))


Message History

a +0 club; a throwing net You completely miss the gnoll.
You hit the jackal but do no damage.
The jackal is poisoned.
You feel very sick. The jackal closely misses you.
You block the gnoll's attack.
The gnoll hits you with a +2 spear of venom.
* * * LOW HITPOINT WARNING * * *
The jackal bites you but does no damage.
You barely miss the gnoll. You hit the jackal.
You kill the jackal!
You feel sick. The gnoll barely misses you. x2
The gnoll hits you but does no damage. x2
You are more poisoned.
You closely miss the gnoll.
You feel very sick. The gnoll hits you but does no damage.
You are more poisoned.
The gnoll hits you from afar with a +0 spear.
* * * LOW HITPOINT WARNING * * *
You hit the gnoll.
The gnoll is heavily wounded.
* * * LOW HITPOINT WARNING * * *
You feel very sick.
A jackal comes into view.
The gnoll hits you from afar with a +0 spear.
* * * LOW HITPOINT WARNING * * *
The gnoll hits you but does no damage.
You are more poisoned.
The jackal moves out of view.
It was a potion of brilliance.
You feel clever all of a sudden.
* * * LOW HITPOINT WARNING * * *
You feel very sick. You block the gnoll's attack. The gnoll barely misses you.
It was a potion of lignification.
You turn into a tree.
Your +0 cloak melds into your body.
Your +0 scale mail melds into your body.
Your roots penetrate the ground.
Your blood armour dries and flakes away.
You die...

## .## ..# # #.#
#. #.#
####..###.########
.....g†♣).........
. ...#..g##.!#####
.. .###.
##...###.# ...##
###.....#
##....##.....###
#......>.###......
..###..### #####.
##. ##


You could see 2 gnolls.

Vanquished Creatures
  A hound (D:4)
  A sleepcap (D:4)
  A gnoll bouda (D:4)
  2 orc wizards (D:4)
  8 gnolls
  4 adders (D:2)
  2 worms (D:2)
  A dart slug (D:1)
  7 orcs (D:4)
  13 endoplasms
  3 giant cockroaches
  6 goblins
  6 hobgoblins
  5 jackals
  2 quokkas
  5 ball pythons
  3 frilled lizards (D:2)
  3 kobolds
  2 rats (D:1)
75 creatures vanquished.

Notes
Turn   | Place    | Note
-------+----------+-------------------------------------------
     0 | D:1      | PyroL the Demonspawn Fighter began the quest for the Orb.
     0 | D:1      | Reached XP level 1. HP: 18/18 MP: 1/1
   244 | D:1      | Gained mutation: Your demonic aura sometimes causes spilled
                  | blood to erupt in flames. [demonic ancestry]
   244 | D:1      | Reached XP level 2. HP: 24/24 MP: 2/2
   494 | D:1      | Found a faded altar of an unknown god.
   677 | D:2      | Reached skill level 4 in Fighting
   677 | D:2      | Gained mutation: You sometimes gain a little power by
                  | taking damage. [demonic ancestry]
   677 | D:2      | Reached XP level 3. HP: 16/30 MP: 3/3
   941 | D:2      | Gained mutation: When seriously injured, your blood forms
                  | armour. (AC +0) [demonic ancestry]
   941 | D:2      | Reached XP level 4. HP: 38/38 MP: 4/4
  1198 | D:2      | Reached skill level 5 in Fighting
  1301 | D:2      | You fall into a shaft and drop 2 floors!
  1435 | D:4      | Reached XP level 5. HP: 42/44 MP: 5/5
  1490 | D:4      | Reached skill level 6 in Fighting
  1551 | D:4      | Gained mutation: You sometimes gain power by taking damage.
                  | [demonic ancestry]
  1551 | D:4      | Reached XP level 6. HP: 43/53 MP: 6/6
  1645 | D:3      | Reached skill level 7 in Fighting
  1650 | D:3      | HP: 1/55 [poisoned by a gnoll]
  1651 | D:3      | Succumbed to a gnoll's poison

Illustrated notes

Levels and vault maps discovered:
D:1:      roderic_chinese_lattice_arrival, layout_basic,
          shapermc_ecumenical_altar_mp_vishouse, dreamdust_wishing_well,
          minmay_indecisive_spiral
D:2:      layout_basic, minmay_small_reverse_x
D:3:      layout_rooms, minitemple
D:4:      layout_gridville, dk_noncrumbling_4, dreamdust_gnoll_farm

Skill      XL: |  1  2  3  4  5  6 |
---------------+-------------------+-----
Polearms       | 2 |  2.2
Fighting       | 4 5 6 7 |  7.0
Armour         | |  2.6
Shields        | |  2.6

Action                     |  1- 3 |  4- 6 || total
---------------------------+-------+-------++-------
  Melee: Trident           |    24 |       ||    24
         Hand axe          |    51 |   109 ||   160
    Use: Potion            |       |     2 ||     2
 Armour: Scale mail        |    36 |    67 ||   103
  Dodge: Dodged            |    30 |    65 ||    95
  Block: Buckler           |    16 |    18 ||    34

Table legend: (Time is in decaauts)
 A = Elapsed time spent in this place.
 B = Non-inter-level travel time spent in this place.
 C = Inter-level travel time spent in this place.
 D = Time resting spent in this place.
 E = Time spent auto-exploring this place.
 F = Levels seen in this place.
 G = Mean time per level.
                   A        B        C        D        E       F      G
               +--------+--------+--------+--------+--------+-----+--------+
         Total |   1698 |   1686 |     12 |     50 |   1124 |   4 |  424.5 |
       Dungeon |   1698 |   1686 |     12 |     50 |   1124 |   4 |  424.5 |
               +--------+--------+--------+--------+--------+-----+--------+

Top non-repeatable levels by time:
     D:1: 666 daAuts
     D:2: 662 daAuts
     D:4: 340 daAuts
     D:3: 28 daAuts
